 Dungeon Crawl Stone Soup version 0.18-a0-965-g9200175 (webtiles) character file.

1121 root the Shield-Bearer (level 8, -1/63 HPs)
             Began as a Formicid Fighter on Jan 1, 2016.
             Was a Believer of Okawaru.
             Slain by root's ghost (8 damage)
             ... on level 6 of the Dungeon.
             The game lasted 00:22:40 (6166 turns).

root the Shield-Bearer (Formicid Fighter)           Turns: 6166, Time: 00:22:40

Health: -1/63      AC: 11    Str: 21    XL:     8   Next: 61%
Magic:  8/8        EV:  9    Int:  8    God:    Okawaru [**....]
Gold:   226        SH: 10    Dex: 12    Spells: 0 memorised, 7 levels left

rFire  . . .     SeeInvis +     a - +0 long sword
rCold  + . .     Gourm    +     b - +0 scale mail
rNeg   . . .     Faith    .     c - +0 shield
rPois  .         Spirit   .     (helmet unavailable)
rElec  .         Dismiss  .     p - +0 cloak
rCorr  .         Reflect  .     (no gloves)
SustAt .         Harm     .     x - +1 pair of boots
MR     .....                    z - amulet of the gourmand
Stlth  ..........               (no ring)
                                o - ring of protection from cold

@: not resistant to hostile enchantments, extremely unstealthy
A: permanent stasis, dig shafts and tunnels, four strong arms, antennae 3
a: Dig, Shaft Self, Heroism, Renounce Religion


You were on level 6 of the Dungeon.
You worshipped Okawaru.
Okawaru was pleased with you.
You were very full.

You visited 1 branch of the dungeon, and saw 6 of its levels.

You collected 226 gold pieces.

Inventory:

Hand Weapons
 a - a +0 long sword (weapon)
 d - a +1 dagger of venom
 r - a +0 quick blade
Armour
 b - a +0 scale mail (worn)
 c - a +0 shield (worn)
 p - a +0 cloak (worn)
 x - a +1 pair of boots (worn)
Jewellery
 o - a ring of protection from cold (left hand)
 z - an amulet of the gourmand (around neck)
Wands
 C - a wand of draining (8/15)
Scrolls
 e - 4 scrolls of remove curse {unknown}
 h - a scroll of enchant armour {unknown}
 j - 7 scrolls of identify {unknown}
 k - 4 scrolls of teleportation {unknown}
 w - 4 scrolls of magic mapping {unknown}
 y - a scroll of fog {unknown}
Potions
 g - 6 potions of curing
 m - 3 potions of lignification {unknown}
 n - a potion of mutation {unknown}
 s - a potion of resistance {unknown}
 t - a potion of flight {unknown}
 v - 2 potions of magic {unknown}
 A - 3 potions of agility
 B - a potion of cancellation {unknown}
 D - a potion of poison {unknown}
 E - a potion of berserk rage {unknown}
 F - a potion of heal wounds {unknown}
 G - a potion of degeneration {unknown}
Comestibles
 f - 5 bread rations
 i - a royal jelly
 l - 3 meat rations
 q - a beef jerky
 u - a slice of pizza


   Skills:
 + Level 5.5 Fighting
 + Level 0.4(3.9) Short Blades
 * Level 6.3 Long Blades
 + Level 5.7 Armour
 + Level 6.4 Shields


You had 7 spell levels left.
You didn't know any spells.

Dungeon Overview and Level Annotations

Branches:
Dungeon (6/15)             Temple (0/1) D:5

Altars:
Ashenzari
Dithmenos
Elyvilon
Fedhas
Nemelex Xobeh
Okawaru
Ru
Vehumet
Yredelemnul
Zin
The Shining One

Annotations:
D:6 root's ghost, novice FoFi


Innate Abilities, Weirdness & Mutations

You are under a permanent stasis effect.
You can dig through walls and to a lower floor.
Your four strong arms can wield two-handed weapons with a shield.
You have a pair of large antennae on your head (SInv).


Message History

Root's ghost is severely damaged.
Root's ghost hits you but does no damage.
You slash root's ghost!
Root's ghost is almost destroyed.
You block root's ghost's attack.
You closely miss root's ghost.
Root's ghost is almost destroyed.
You block root's ghost's attack.
You hit root's ghost but do no damage.
Root's ghost is almost destroyed.
You block root's ghost's attack.
Your shield and scale mail prevent you from hitting root's ghost.
Root's ghost is almost destroyed.
Root's ghost hits you!
You closely miss root's ghost.
Root's ghost is almost destroyed.
Root's ghost hits you!
* * * LOW HITPOINT WARNING * * *
Root's ghost hits you!
You die...

...................####.# ####
############'##########.########§
###8[#........##..>.)..##§§
......'........##..####.#§§§
###########.#####..# #.§§§§
######..####.##.#.####..# #..§§.
#... ..........###......# #.§...
#.####..####.##.#.####.## #.#§§§
..W..#..# #.###@## #. #.##§§
####..#.####.# #W#####.# #.###§
#.###.....# #.......# #.####
#..#.###### ######### #.....
#....# ###### #.#### #.# ####.#
.....#


You could see root's ghost.

Vanquished Creatures
  An ice beast (D:6)
  An ogre (D:4)
  A water moccasin zombie (D:6)
  A giant frog zombie (D:5)
  3 crimson imps
  A hound (D:4)
  An orc wizard (D:4)
  A centaur skeleton (D:6)
  4 orc priests
  2 jellies
  Ijyb (D:3)
  A gnoll shaman (D:6)
  Terence (D:3)
  8 worker ants
  A hound zombie (D:6)
  A hound skeleton (D:6)
  3 gnolls
  6 adders
  2 worms
  3 giant geckos
  16 orcs
  5 bats
  5 giant cockroaches
  4 hobgoblins
  7 jackals
  2 quokkas
  3 ball pythons
  6 giant newts
  3 goblins (D:3)
  2 goblin skeletons (D:4)
  5 hobgoblin zombies (D:4)
  10 kobolds
  2 kobold skeletons (D:4)
  2 kobold zombies (D:4)
  An orc skeleton (D:4)
  An orc zombie (D:4)
  2 quokka zombies (D:5)
  9 rats
128 creatures vanquished.

Vanquished Creatures (others)
  An orc wizard (D:4)
  An orc (D:4)
2 creatures vanquished.

Grand Total: 130 creatures vanquished

Notes
Turn   | Place    | Note
--------------------------------------------------------------
     0 | D:1      | root the Formicid Fighter began the quest for the Orb.
     0 | D:1      | Reached XP level 1. HP: 18/18 MP: 1/1
   115 | D:1      | Found an iron altar of Okawaru.
   125 | D:1      | Became a worshipper of Warmaster Okawaru
   172 | D:1      | Reached XP level 2. HP: 24/24 MP: 2/2
   267 | D:1      | Reached skill level 4 in Shields
   837 | D:2      | Reached XP level 3. HP: 18/29 MP: 3/3
  1215 | D:2      | Reached XP level 4. HP: 21/36 MP: 4/4
  1562 | D:2      | Found a white marble altar of Elyvilon.
  1833 | D:2      | Found a radiant altar of Vehumet.
  2216 | D:3      | Found a faded altar to an unknown god.
  2281 | D:3      | Noticed Terence
  2282 | D:3      | Noticed Ijyb
  2301 | D:3      | Killed Terence
  2306 | D:3      | Killed Ijyb
  2306 | D:3      | Reached XP level 5. HP: 32/42 MP: 5/5
  2833 | D:4      | Noticed an ogre
  2841 | D:4      | Killed an ogre
  2841 | D:4      | Reached XP level 6. HP: 35/48 MP: 6/6
  2956 | D:4      | Reached * piety under Okawaru
  2956 | D:4      | Reached skill level 5 in Shields
  3040 | D:4      | Found a sacrificial altar of Ru.
  3247 | D:4      | Found a glowing silver altar of Zin.
  3257 | D:4      | Found an iron altar of Okawaru.
  3300 | D:4      | Found a glowing golden altar of the Shining One.
  3451 | D:4      | Reached XP level 7. HP: 51/55 MP: 7/7
  3898 | D:5      | Entered Level 5 of the Dungeon
  3951 | D:5      | Reached skill level 5 in Armour
  4174 | D:5      | Reached skill level 5 in Fighting
  4210 | D:5      | Found a basalt altar of Yredelemnul.
  4213 | D:5      | Found a sparkling altar of Nemelex Xobeh.
  4426 | D:5      | Reached skill level 5 in Long Blades
  4493 | D:5      | Reached ** piety under Okawaru
  4643 | D:5      | Found a staircase to the Ecumenical Temple.
  4710 | D:5      | Found a shattered altar of Ashenzari.
  4865 | D:6      | Reached XP level 8. HP: 53/62 MP: 8/8
  4903 | D:6      | Noticed root's ghost (novice FoFi)
  5137 | D:6      | Reached skill level 6 in Shields
  5686 | D:6      | Found a shadowy altar of Dithmenos.
  5799 | D:6      | Found a blossoming altar of Fedhas.
  6166 | D:6      | Slain by root's ghost

Vault maps used:
D:1:      mrwooster_arrival_statue, okawaru_ov_weapons_minmay
D:2:      elyvilon_altar_4, lemuel_coloured_pillars_altar, first_bread,
          minivault_5
D:3:      ecumenical_altar_2, uniq_terence, uniq_iyjb
D:4:      kennysheep_little_box, amethyst_overflow_temple_binary,
          nicolae_tso_besieged_by_evil
D:5:      minitemple, lemuel_doored_altar, minmay_temple_entry_hall
D:6:      wad_river_or_something, nicolae_dithmenos_the_darkroom, fedhas_altar_3

Action                   |  1- 3 |  4- 6 |  7- 9 || total
-------------------------+-------+-------+-------++-------
Melee: Long sword        |    78 |   147 |   346 ||   571
       Quick blade       |       |   103 |       ||   103
       Dagger            |       |    11 |       ||    11
 Abil: Dig               |       |       |     2 ||     2
  Use: Potion            |       |     2 |       ||     2
  Eat: Chunk             |     1 |     7 |    25 ||    33
